 Dungeon Crawl Stone Soup version 0.30-a0-168-g0b976cbdc4 (webtiles) character file.

Game seed: 1207928007172433875

83 qw the Chopper (level 4, 0/28 HPs)
             Began as a Gargoyle Fighter on Sept 29, 2022.
             Slain by Ijyb
             ... wielding a +0 dagger
              (3 damage)
             ... on level 3 of the Dungeon.
             The game lasted 00:00:39 (1939 turns).

qw the Chopper (Gargoyle Fighter)                   Turns: 1939, Time: 00:00:40

Health: 0/28       AC:  0    Str: 21    XL:     4   Next: 44%
Magic:  4/4        EV: 17    Int:  9    God:
Gold:   153        SH:  0    Dex: 14    Spells: 3/3 levels left

rFire   . . .      SeeInvis .    (weapon currently unavailable)
rCold   . . .      Faith    .    (shield currently unavailable)
rNeg    + . .      Spirit   .    (body armour currently unavailable)
rPois   inf        Reflect  .    (helmet currently unavailable)
rElec   .          Harm     .    (cloak currently unavailable)
rCorr   .          Rampage  .    (gloves currently unavailable)
Will    .....                    (boots currently unavailable)
Stlth   +.........               (no amulet)
HPRegen 0.09/turn                (ring currently unavailable)
MPRegen 0.09/turn                (ring currently unavailable)

@: bat-form, flying, very quick
A: fast, flying, no casting, sickness immunity, AC +3, tiny, negative energy
resistance 1, (electricity resistance), torment resistance 1, petrification
resistance
a: no special abilities


You were on level 3 of the Dungeon.
You were a bat.
You visited 1 branch of the dungeon, and saw 3 of its levels.

You collected 153 gold pieces.


Innate Abilities, Weirdness & Mutations

You are a bat.
You are tiny and dextrous.
You move quickly.
You are flying.
Your equipment is almost entirely melded.
You are incapable of wielding weapons or throwing items.
You cannot cast spells.
You are immune to sickness and miasma.
((Your stone body is resilient. (AC +3)))
You are immune to poison.
You resist negative energy. (rN+)
((You are resistant to electric shocks. (rElec)))
You are resistant to unholy torment.
You are immune to petrification.


   Skills:
 - Level 3.2 Fighting
 + Level 4.1 Axes
 - Level 3.2 Armour
 - Level 3.2 Shields


You had 3 spell levels left.
You didn't know any spells.
Your spell library was empty.

Inventory:

Hand Weapons
 e - a +0 whip
 Y - a +0 war axe (melded)
Armour
 a - a scarf of invisibility
 c - a +0 buckler (melded)
 k - a +0 plate armour (melded)
Jewellery
 j - a +4 ring of slaying (melded) {mikee}
Scrolls
 h - a scroll of vulnerability {unknown}
 i - a scroll of identify {unknown}
 l - a scroll of blinking {unknown}
Potions
 b - a potion of ambrosia {unknown}
 d - 2 potions of might
 f - a potion of attraction {unknown}
 g - a potion of heal wounds {unknown}

Dungeon Overview and Level Annotations

Branches:
Dungeon (3/15)

Altars:

Shops:
D:2 =

Annotations:
D:3 Ijyb


Message History

You barely miss Ijyb.
Ijyb is lightly wounded.
Ijyb completely misses you.
You closely miss Ijyb.
Ijyb is lightly wounded.
Ijyb closely misses you.
You hit Ijyb but do no damage.
Ijyb is lightly wounded.
Ijyb hits you with a +0 dagger.
You hit Ijyb but do no damage.
Ijyb is lightly wounded.
Ijyb closely misses you.
You barely miss Ijyb.
Ijyb is lightly wounded.
Ijyb misses you.
You hit Ijyb but do no damage.
Ijyb is lightly wounded.
Ijyb barely misses you.
You hit Ijyb but do no damage.
Ijyb is lightly wounded.
Ijyb hits you with a +0 dagger.
You hit Ijyb but do no damage.
Ijyb is lightly wounded.
Ijyb hits you with a +0 dagger.
You closely miss Ijyb.
Ijyb is lightly wounded.
Ijyb screams, "Level is mine!
All mine!"
Ijyb hits you with a +0 dagger.
You hit Ijyb but do no damage.
Ijyb is lightly wounded.
You hit Ijyb but do no damage.
Ijyb is lightly wounded.
Ijyb misses you.
You hit Ijyb but do no damage.
Ijyb is lightly wounded.
Ijyb hits you with a +0 dagger.
You closely miss Ijyb.
Ijyb is lightly wounded.
Ijyb hits you with a +0 dagger.
You die...

#.# #.# #.# #.#
#.# #)# ######
#.# ######
#....?#######.#
#....#
#....$b.......#
#....#
#....g#########
#....# #.....
####.[..##
#####.
#.......). #.
#.######## #.
#.#<...... #.
#.#..##### #.
#.#..#
#.########


You could see Ijyb.

Vanquished Creatures
  2 adders
  2 worms (D:3)
  2 dart slugs (D:2)
  5 orcs (D:3)
  8 bats
  6 endoplasms
  2 giant cockroaches
  4 goblins
  4 hobgoblins
  A kobold (D:1)
  3 quokkas
  3 ball pythons
  A rat (D:2)
43 creatures vanquished.

Notes
Turn   | Place    | Note
-------+----------+-------------------------------------------
     0 | D:1      | qw the Gargoyle Fighter began the quest for the Orb.
     0 | D:1      | Reached XP level 1. HP: 14/14 MP: 1/1
     0 | D:1      | 0 ||| qw: Version: 0.2-a-12-gaebbb33
     0 | D:1      | 0 ||| qw: Game counter: 1173
     0 | D:1      | 0 ||| qw: Always use a shield: true
     0 | D:1      | 0 ||| qw: God list: Okawaru
     0 | D:1      | 0 ||| qw: Allow faded altars: false
     0 | D:1      | 0 ||| qw: Do Orc after D:15 true
     0 | D:1      | 0 ||| qw: Do second Lair branch before Depths: true
     0 | D:1      | 0 ||| qw: Lair rune preference: random
     0 | D:1      | 0 ||| qw: Plans: Normal, Zot:1-4, God:TSO, Crypt, Tomb,
                  | Pan, Slime:5, Hells, Abyss, Orb
     0 | D:1      | 0 ||| PLANNING D:1-11
    81 | D:1      | Reached skill level 2 in Axes
   200 | D:1      | Reached XP level 2. HP: 19/19 MP: 2/2
   469 | D:1      | Found a faded altar of an unknown god.
   688 | D:2      | 688 ||| Stepping ~*~*~tactically~*~*~ (stealth).
   689 | D:2      | 689 ||| Stepping ~*~*~tactically~*~*~ (stealth).
   697 | D:2      | Reached skill level 3 in Axes
   722 | D:2      | Found Wikuam's Jewellery Shoppe.
   731 | D:2      | 731 ||| SHOPLISTING +4 ring of protection (504 gold, have
                  | 77).
   731 | D:2      | 731 ||| SHOPLISTING +6 ring of dexterity (504 gold, have
                  | 77).
   731 | D:2      | 731 ||| SHOPLISTING +6 ring of strength (504 gold, have
                  | 77).
   731 | D:2      | 731 ||| SHOPLISTING amulet "Amaulus" {Faith rF+} (756 gold,
                  | have 77).
   731 | D:2      | 731 ||| SHOPLISTING amulet of guardian spirit (420 gold,
                  | have 77).
   769 | D:2      | Reached XP level 3. HP: 23/23 MP: 3/3
  1308 | D:2      | 1308 ||| UPGRADING to +0 plate armour.
  1318 | D:2      | 1318 ||| DROPPING +0 scale mail.
  1319 | D:2      | 1319 ||| DROPPING +6 ring of intelligence.
  1320 | D:2      | 1320 ||| UPGRADING to +4 ring of slaying {mikee}.
  1321 | D:2      | 1321 ||| READING 2 scrolls labelled BYNNORRIPOE.
  1322 | D:2      | 1322 ||| READING scroll labelled YMILIFR TYPO.
  1323 | D:2      | 1323 ||| READING scroll labelled NUIWUSHURA.
  1424 | D:2      | 1424 ||| READING scroll labelled JOSCHU LUKKOOS.
  1425 | D:2      | 1425 ||| DROPPING scroll of amnesia.
  1656 | D:3      | 1656 ||| Stepping ~*~*~tactically~*~*~ (stealth).
  1675 | D:3      | 1675 ||| Stepping ~*~*~tactically~*~*~ (stealth).
  1676 | D:3      | 1676 ||| Stepping ~*~*~tactically~*~*~ (stealth).
  1693 | D:3      | Reached XP level 4. HP: 24/28 MP: 4/4
  1815 | D:3      | 1815 ||| Stepping ~*~*~tactically~*~*~ (stealth).
  1817 | D:3      | 1817 ||| Stepping ~*~*~tactically~*~*~ (stealth).
  1821 | D:3      | 1821 ||| Stepping ~*~*~tactically~*~*~ (stealth).
  1824 | D:3      | 1824 ||| Stepping ~*~*~tactically~*~*~ (stealth).
  1828 | D:3      | Reached skill level 4 in Axes
  1918 | D:3      | Noticed Ijyb
  1935 | D:3      | HP: 6/28 [Ijyb/+0 dagger (4)]
  1939 | D:3      | Slain by Ijyb

Levels and vault maps discovered:
D:1:      scummos_arrival_gate, layout_rooms,
          shapermc_ecumenical_altar_mp_urbaneastern
D:2:      layout_loops_cross, serial_shops, nicolae_shop_trees,
          chequers_serial_rivers_micro_d
D:3:      layout_basic, minmay_between, uniq_ijyb

Skill      XL: |  1  2  3  4 |
---------------+-------------+-----
Axes           | 2 3 4 |  4.1
Fighting       | |  3.2
Armour         | |  3.2
Shields        | |  3.2

Action                   |  1- 3 |  4- 6 || total
-------------------------+-------+-------++-------
Melee: War axe           |    79 |    21 ||   100
       Unarmed           |       |    19 ||    19
  Use: Scroll            |     4 |       ||     4
Armor: Scale mail        |    25 |       ||    25
       Plate armour      |    10 |    13 ||    23
Dodge: Dodged            |    29 |    13 ||    42
Block: Buckler           |     8 |     5 ||    13

Table legend:
 A = Non-vault XP
 B = Vault XP
 C = Vault XP percentage of total XP
 D = Non-vault monster count
 E = Vault monster count
 F = Vault count percentage of total count
                 A         B        C        D         E       F
            +---------+---------+-------+---------+---------+-------
      Total |      97 |      22 |  18.5 |      39 |       4 |   9.3
            +---------+---------+-------+---------+---------+-------
        D:1 |      17 |       0 |   0.0 |       9 |       0 |   0.0
        D:2 |      44 |       0 |   0.0 |      15 |       0 |   0.0
        D:3 |      36 |      22 |  37.9 |      15 |       4 |  21.1
            +---------+---------+-------+---------+---------+-------
